 Dungeon Crawl Stone Soup version 0.32-a0-791-gfc315c9ecd (webtiles) character file.

Game seed: 1263109478666300497

7 Kenran the Ducker (level 1, 0/14 HPs)
             Began as a Minotaur Alchemist on Mar 20, 2024.
             Slain by a quokka (4 damage)
             ... on level 1 of the Dungeon.
             The game lasted 00:00:32 (196 turns).

Kenran the Ducker (Minotaur Alchemist)               Turns: 196, Time: 00:00:33

Health: 0/14       AC:  6    Str: 12    XL:     1   Next: 91%
Magic:  1/1        EV:  9    Int: 12    God:
Gold:   4          SH:  0    Dex: 10    Spells: 1/2 levels left

rFire   . . .        c - +0 whip
rCold   . . .        (no shield)
rNeg    . . .        f - +0 ring mail
rPois   .            (helmet restricted)
rElec   .            a - +0 cloak
rCorr   .            (no gloves)
SInv    .            (no boots)
Will    .....        (no amulet)
Stlth   +            (no ring)
HPRegen 0.22/turn    (no ring)
MPRegen 0.07/turn

%: no passive effects
@: no status effects
A: horns 2, retaliatory headbutt
a: no special abilities


You were on level 1 of the Dungeon.
You visited 1 branch of the dungeon, and saw 1 of its levels.

You collected 4 gold pieces.

Inventory:

Hand Weapons
 c - a +0 whip (weapon)
Armour
 a - a +0 cloak (worn)
 f - a +0 ring mail (worn)
Scrolls
 e - a scroll of teleportation {unknown}
Potions
 b - a potion of magic
 d - a potion of curing {unknown}


   Skills:
 + Level 2.0 Maces & Flails
 - Level 2.1 Dodging
 - Level 1.5 Stealth
 - Level 1.3 Spellcasting
 - Level 0.6 Conjurations
 - Level 2.1 Alchemy


You had one spell level left.
You knew the following spells:

 Your Spells              Type           Power      Damage    Failure   Level
a - Sting                 Conj/Alch      16%        1d4       36%         1

Your spell library contained the following spells:

 Spells                   Type           Power      Damage    Failure   Level
 Mercury Vapours          Alch/Air       6%         N/A       54%         2
 Mephitic Cloud           Conj/Alch/Air  3%         N/A       80%         3
 Olgreb's Toxic Radiance  Alch           6%         N/A       95%         4
 Sticky Flame             Fire/Alch      3%         2d4       99%         4


Dungeon Overview and Level Annotations

Branches:
Dungeon (1/15)

Altars:


Innate Abilities, Weirdness & Mutations

You have a pair of horns on your head.
You reflexively headbutt those who attack you in melee.


Message History

The dart slug barely misses you. You furiously retaliate!
You headbutt the dart slug!
You kill the dart slug!
No target in view!
No target in view!
No target in view!
You see here a dart slug corpse.
You now have 4 gold pieces.
A kobold comes into view. It is wielding a +0 short sword.
The kobold shouts!
The kobold hits you with a +0 short sword.
You closely miss the kobold.
The kobold hits you with a +0 short sword.
You are too injured to fight recklessly!
You are too injured to fight recklessly!
You are too injured to fight recklessly!
You hit the kobold but do no damage.
A quokka comes into view.
The kobold hits you but does no damage.
You hit the kobold. Your headbutt misses the kobold.
The kobold is heavily wounded.
The kobold hits you with a +0 short sword.
You hit the kobold. You headbutt the kobold.
You kill the kobold!
Your Maces & Flails skill increases to level 2!
The quokka bites you but does no damage.
You closely miss the quokka.
The quokka bites you but does no damage.
You miss the quokka.
The quokka twitches its whiskers.
The quokka bites you.
You miss the quokka. The quokka misses you.
You hit the quokka but do no damage.
The quokka bites you but does no damage. x2
You hit the quokka but do no damage. The quokka barely misses you.
You barely miss the quokka. The quokka bites you.
* * * LOW HITPOINT WARNING * * *
You closely miss the quokka. Your headbutt misses the quokka.
The quokka bites you.
You die...

### ..# #.#
#.#
..########.##
#.....).r@..#
..##.######.#
#.# #.# #.#
#.# #.# #.#
#.# #+#


You could see a quokka.

Vanquished Creatures
  A dart slug (D:1)
  2 quokkas (D:1)
  2 kobolds (D:1)
5 creatures vanquished.

Notes
Turn   | Place    | Note
-------+----------+-------------------------------------------
     0 | D:1      | Kenran the Minotaur Alchemist began the quest for the Orb.
     0 | D:1      | Reached XP level 1. HP: 14/14 MP: 1/1
    74 | D:1      | Reached skill level 1 in Maces & Flails
   196 | D:1      | Slain by a quokka

Illustrated notes

Levels and vault maps discovered:
D:1:      dpeg_arrival_houses_and_road, layout_loops_ring

Skill      XL: |  1 |
---------------+----+-----
Maces & Flails | 2 |  2.0
Dodging        | |  2.1
Stealth        | |  1.5
Spellcasting   | |  1.3
Conjurations   | |  0.6
Alchemy        | |  2.1

Action                     || total
---------------------------++-------
  Melee: Whip              ||    26
         Headbutt          ||     1
 Armour: Ring mail         ||    17
         Robe              ||     2
  Dodge: Dodged            ||    14

Table legend: (Time is in decaauts)
 A = Elapsed time spent in this place.
 B = Non-inter-level travel time spent in this place.
 C = Inter-level travel time spent in this place.
 D = Time resting spent in this place.
 E = Time spent auto-exploring this place.
 F = Levels seen in this place.
 G = Mean time per level.
                   A        B        C        D        E       F      G
               +--------+--------+--------+--------+--------+-----+--------+
         Total |    196 |    196 |      0 |      0 |     97 |   1 |  196.0 |
       Dungeon |    196 |    196 |      0 |      0 |     97 |   1 |  196.0 |
               +--------+--------+--------+--------+--------+-----+--------+

Top non-repeatable levels by time:
     D:1: 196 daAuts
